2806 views
Uploaded 2020-02-21 17:53:46
Game version 1.32 / 1.32.1
9:26 long 2on2 ladder game on (4)FurbolgMountain
Saved by iggythefisk
2806 views
Uploaded 2020-02-21 17:53:46
Game version 1.32 / 1.32.1
9:26 long 2on2 ladder game on (4)FurbolgMountain


49 units @ 5.6k
/ 0.1k
25 buildings @ 3.4k
/ 1.4k


| Healing Salve | 2 | 200 |
| Lesser Clarity Potion | 2 | 140 |
| Boots of Speed | 1 | 250 |
| Staff of Teleportation | 1 | 150 |
| total: | 6 | 740g |
| Peon | 14 | 1050 | / | 0 |
| Grunt | 8 | 1600 | / | 0 |
| total: | 22 | 2650g | / | 0w |
| Altar of Storms | 1 | 180 | / | 50 |
| Orc Burrow | 4 | 640 | / | 160 |
| Barracks | 1 | 180 | / | 50 |
| Voodoo Lounge | 1 | 130 | / | 30 |
| Beastiary | 1 | 145 | / | 140 |
| Tauren Totem | 1 | 135 | / | 155 |
| Stronghold | 1 | 315 | / | 190 |
| total: | 9 | 1410g | / | 585w |
| 0:01 | Peon |
| 0:03 | Altar of Storms |
| 0:10 | Peon |
| 0:15 | Orc Burrow |
| 0:25 | Barracks |
| 0:36 | Peon |
| 0:47 | Peon |
| 1:08 | Peon |
| 1:26 | Grunt |
| 1:30 | Voodoo Lounge |
| 1:36 | Peon |
| 1:49 | Orc Burrow |
| 1:53 | Peon |
| 2:03 | Wind Walk |
| 2:06 | Peon |
| 2:48 | Grunt |
| 3:17 | Peon |
| 3:18 | Stronghold |
| 4:02 | Grunt |
| 4:26 | Grunt |
| 4:30 | Orc Burrow |
| 4:47 | Boots of Speed |
| 4:48 | Staff of Teleportation |
| 5:00 | Healing Salve |
| 5:44 | Lesser Clarity Potion |
| 5:47 | Healing Salve |
| 5:49 | Lesser Clarity Potion |
| 5:51 | Berserker Strength |
| 5:57 | Peon |
| 5:58 | Peon |
| 5:58 | Peon |
| 6:36 | Grunt |
| 6:39 | Critical Strike |
| 7:05 | Peon |
| 7:06 | Grunt |
| 7:30 | Healing Wave |
| 8:10 | Beastiary |
| 8:15 | Peon |
| 8:28 | Grunt |
| 8:48 | Tauren Totem |
| 9:11 | Grunt |
| 9:23 | Orc Burrow |
| Right click | 580 |
| Assign group | 403 |
| Select | 175 |
| Select group | 170 |
| Build/train/purchase | 58 |
| Chat | 48 |
| Misc. action | 14 |
| Use ability | 13 |
| Remove unit | 2 |
| Item give/drop | 1 |
| Minimap ping | 1 |


| Scroll of Regeneration | 4 | 400 |
| Ivory Tower | 2 | 80 |
| total: | 6 | 480g |
| Peasant | 15 | 1125 | / | 0 |
| Footman | 5 | 675 | / | 0 |
| Rifleman | 3 | 615 | / | 90 |
| Priest | 2 | 270 | / | 20 |
| Sorceress | 2 | 310 | / | 40 |
| total: | 27 | 2995g | / | 150w |
| Arcane Tower | 2 | 140 | / | 100 |
| Altar of Kings | 1 | 180 | / | 50 |
| Barracks | 1 | 160 | / | 60 |
| Farm | 9 | 720 | / | 180 |
| Arcane Vault | 1 | 130 | / | 30 |
| Town Hall | 1 | 385 | / | 205 |
| Blacksmith | 1 | 140 | / | 60 |
| Arcane Sanctum | 2 | 300 | / | 280 |
| Keep | 1 | 320 | / | 210 |
| total: | 16 | 2015g | / | 865w |
| 0:00 | Peasant |
| 0:04 | Altar of Kings |
| 0:05 | Peasant |
| 0:17 | Barracks |
| 0:18 | Peasant |
| 0:32 | Farm |
| 0:35 | Peasant |
| 0:51 | Peasant |
| 1:08 | Farm |
| 1:12 | Peasant |
| 1:17 | Footman |
| 1:24 | Farm |
| 1:32 | Footman |
| 1:37 | Footman |
| 1:44 | Peasant |
| 1:56 | Peasant |
| 2:01 | Footman |
| 2:07 | Summon Water Elemental |
| 2:20 | Footman |
| 2:29 | Arcane Vault |
| 2:36 | Peasant |
| 2:47 | Farm |
| 3:15 | Brilliance Aura |
| 3:20 | Keep |
| 3:49 | Town Hall |
| 3:59 | Scroll of Regeneration |
| 4:26 | Summon Water Elemental |
| 5:01 | Blacksmith |
| 5:06 | Scroll of Regeneration |
| 5:14 | Peasant |
| 5:14 | Peasant |
| 5:18 | Farm |
| 5:19 | Farm |
| 5:42 | Arcane Sanctum |
| 6:05 | Brilliance Aura |
| 6:15 | Peasant |
| 6:16 | Peasant |
| 6:18 | Rifleman |
| 6:54 | Rifleman |
| 6:55 | Priest |
| 6:59 | Peasant |
| 7:00 | Peasant |
| 7:09 | Storm Bolt |
| 7:13 | Scroll of Regeneration |
| 7:14 | Ivory Tower |
| 7:14 | Ivory Tower |
| 7:14 | Scroll of Regeneration |
| 7:52 | Sorceress |
| 7:54 | Arcane Sanctum |
| 8:14 | Farm |
| 8:14 | Farm |
| 8:14 | Farm |
| 8:33 | Arcane Tower |
| 8:33 | Arcane Tower |
| 8:46 | Bash |
| 9:13 | Rifleman |
| 9:13 | Priest |
| 9:14 | Sorceress |
| Right click | 607 |
| Select | 337 |
| Select group | 244 |
| Build/train/purchase | 68 |
| Assign group | 60 |
| Misc. action | 15 |
| Use ability | 10 |
| Minimap ping | 7 |
| Resource trade | 5 |
| Remove unit | 1 |
25 units @ 4k
/ 0.4k
20 buildings @ 3.3k
/ 1.1k


| Healing Salve | 4 | 400 |
| Lesser Clarity Potion | 2 | 140 |
| Potion of Healing | 2 | 300 |
| Potion of Mana | 1 | 200 |
| total: | 9 | 1040g |
| Peon | 6 | 450 | / | 0 |
| Grunt | 5 | 1000 | / | 0 |
| Raider | 1 | 180 | / | 40 |
| total: | 12 | 1630g | / | 40w |
| Altar of Storms | 1 | 180 | / | 50 |
| Orc Burrow | 4 | 640 | / | 160 |
| Voodoo Lounge | 1 | 130 | / | 30 |
| Barracks | 1 | 180 | / | 50 |
| War Mill | 1 | 205 | / | 0 |
| Beastiary | 1 | 145 | / | 140 |
| Stronghold | 1 | 315 | / | 190 |
| total: | 9 | 1480g | / | 430w |
| 0:01 | Peon |
| 0:09 | Altar of Storms |
| 0:18 | Orc Burrow |
| 0:23 | Peon |
| 0:25 | Peon |
| 0:39 | Voodoo Lounge |
| 0:43 | Peon |
| 0:54 | Peon |
| 1:10 | Peon |
| 1:27 | Barracks |
| 1:46 | Orc Burrow |
| 2:08 | Healing Salve |
| 2:08 | Lesser Clarity Potion |
| 2:10 | Healing Salve |
| 2:15 | Wind Walk |
| 2:24 | War Mill |
| 2:53 | Grunt |
| 3:19 | Stronghold |
| 3:47 | Grunt |
| 3:49 | Steel Melee Weapons |
| 4:26 | Grunt |
| 4:26 | Grunt |
| 4:39 | Orc Burrow |
| 5:35 | Grunt |
| 5:41 | Healing Salve |
| 5:42 | Lesser Clarity Potion |
| 5:58 | Beastiary |
| 6:04 | Berserker Strength |
| 6:45 | Orc Burrow |
| 7:51 | Raider |
| 7:51 | Ensnare |
| 8:04 | Shockwave |
| 8:42 | Healing Salve |
| 8:43 | Potion of Healing |
| 8:48 | Potion of Healing |
| 8:49 | Potion of Mana |
| Right click | 514 |
| Select | 154 |
| Select group | 54 |
| Build/train/purchase | 53 |
| Assign group | 16 |
| Use ability | 14 |

| Rod of Necromancy | 1 | 150 |
| Lesser Clarity Potion | 2 | 140 |
| Potion of Healing | 2 | 300 |
| Potion of Mana | 1 | 200 |
| Healing Salve | 1 | 100 |
| Scroll of Speed | 2 | 100 |
| total: | 9 | 990g |
| Acolyte | 2 | 150 | / | 0 |
| Ghoul | 2 | 240 | / | 0 |
| Crypt Fiend | 9 | 1935 | / | 360 |
| total: | 13 | 2325g | / | 360w |
| Nerubian Tower | 1 | 100 | / | 20 |
| Altar of Darkness | 1 | 180 | / | 50 |
| Ziggurat | 4 | 600 | / | 200 |
| Crypt | 2 | 400 | / | 100 |
| Tomb of Relics | 1 | 130 | / | 30 |
| Graveyard | 1 | 215 | / | 0 |
| Slaughterhouse | 2 | 280 | / | 270 |
| Halls of the Dead | 1 | 320 | / | 210 |
| total: | 11 | 1805g | / | 650w |
| 0:07 | Altar of Darkness |
| 0:10 | Ziggurat |
| 0:20 | Crypt |
| 0:23 | Crypt |
| 0:37 | Tomb of Relics |
| 0:57 | Acolyte |
| 1:04 | Acolyte |
| 1:27 | Ghoul |
| 1:36 | Ghoul |
| 2:06 | Graveyard |
| 2:15 | Ziggurat |
| 2:31 | Rod of Necromancy |
| 2:49 | Frost Nova |
| 3:26 | Nerubian Tower |
| 3:29 | Halls of the Dead |
| 3:36 | Crypt Fiend |
| 4:08 | Crypt Fiend |
| 4:19 | Crypt Fiend |
| 5:08 | Crypt Fiend |
| 5:12 | Ziggurat |
| 5:13 | Ziggurat |
| 6:10 | Crypt Fiend |
| 6:10 | Crypt Fiend |
| 6:23 | Healing Salve |
| 6:25 | Lesser Clarity Potion |
| 6:25 | Scroll of Speed |
| 6:30 | Potion of Healing |
| 6:33 | Frost Armor |
| 8:14 | Lesser Clarity Potion |
| 8:15 | Potion of Mana |
| 8:31 | Scroll of Speed |
| 8:45 | Crypt Fiend |
| 8:45 | Crypt Fiend |
| 8:45 | Crypt Fiend |
| 8:49 | Slaughterhouse |
| 8:54 | Slaughterhouse |
| 9:01 | Potion of Healing |
| Right click | 313 |
| Select | 74 |
| Build/train/purchase | 38 |
| Select group | 36 |
| Assign group | 10 |
| Use ability | 10 |
| Chat | 4 |
โ